[Event "RUS-ch Men Rapid 2019"]
[Site "Sochi"]
[Date "2019.10.15"]
[Round "1.3"]
[White "Tsydypov, Zhamsaran"]
[Black "Esipenko, Aleksandr"]
[Result "1-0"]
[ECO "A25"]
[WhiteElo "2671"]
[BlackElo "2117"]
[Annotator "RC"]
[PlyCount "75"]
[EventDate "2019.10.15"]
[EventType "swiss"]
[EventCountry "RUS"]
[SourceTitle "playchess.com"]
[Source "ChessBase"]
[SourceQuality "1"]
[TimeControl "900+10"]

1. c4 e5 2. g3 Nc6 3. Bg2 g6 4. Nc3 Bg7 5. e3 Nge7 6. Nge2 O-O 7. O-O d6 8. d3 Be6 9. Nd5 Qd7 10. Nec3 a6 11. Qa4 Rab8 12. Rb1 Rfc8 13. b4 Kh8 14. Re1 Bh3 15. Bxh3 Qxh3 16. b5 axb5 17. cxb5 Ra8 18. Qc2 Nxd5 19. Nxd5 Na5 20. Bd2 b6 21. Ne7 Re8 22. Qxc7 Qe6 23. Qxb6 Reb8 24. Qc7 Rb7 25. Bxa5 Rxc7 26. Bxc7 Qxe7 27. b6 Re8 28. Rec1 h5 29. b7 h4 30. Bxd6 Qe6 31. Rc8 Rxc8 32. bxc8=Q+ Qxc8 33. Rb8 Qxb8 34. Bxb8 hxg3 35. hxg3 Bf8 36. Bxe5+ Kg8 37. a4 Bb4 38. Bc7 1-0

[Event "RUS-ch Men Rapid 2019"]
[Site "Sochi"]
[Date "2019.10.15"]
[Round "1.4"]
[White "Sibriaev, Aleksandr"]
[Black "Antipov, Mikhail Al."]
[Result "0-1"]
[ECO "A46"]
[WhiteElo "2117"]
[BlackElo "2658"]
[Annotator "RC"]
[PlyCount "80"]
[EventDate "2019.10.15"]
[EventType "swiss"]
[EventCountry "RUS"]
[SourceTitle "playchess.com"]
[Source "ChessBase"]
[SourceQuality "1"]
[TimeControl "900+10"]

1. d4 Nf6 2. Bg5 e6 3. Nf3 c5 4. c3 h6 5. Bh4 cxd4 6. cxd4 Qa5+ 7. Nbd2 d5 8. Bxf6 gxf6 9. e3 Bd7 10. Be2 Ba4 11. b3 Bb5 12. O-O Bxe2 13. Qxe2 Qa6 14. Qxa6 Nxa6 15. a3 Kd7 16. Rfc1 Nc7 17. Ne1 a5 18. Nd3 a4 19. Nc5+ Bxc5 20. Rxc5 axb3 21. Nxb3 b6 22. Rc2 Ra4 23. Nd2 Rha8 24. Rac1 R8a7 25. Rb2 b5 26. Nb1 Rc4 27. Rd1 Kc6 28. Kf1 Ne8 29. Ke2 Nd6 30. Kd3 e5 31. dxe5 fxe5 32. Ke2 f6 33. Rbd2 Rc5 34. f3 Nc4 35. Rc2 Nxa3 36. Rxc5+ Kxc5 37. Nc3 b4 38. Nxd5 Nb5 39. Nxf6 Nc3+ 40. Kd2 Ra2+ 0-1

[Event "RUS-ch Men Rapid 2019"]
[Site "Sochi"]
[Date "2019.10.15"]
[Round "1.7"]
[White "Kokarev, Dmitry"]
[Black "Pervakov, Sergey"]
[Result "1-0"]
[ECO "A00"]
[WhiteElo "2647"]
[BlackElo "2107"]
[Annotator "RC"]
[PlyCount "61"]
[EventDate "2019.10.15"]
[EventType "swiss"]
[EventCountry "RUS"]
[SourceTitle "playchess.com"]
[Source "ChessBase"]
[SourceQuality "1"]
[TimeControl "900+10"]

1. g3 Nf6 2. Bg2 g6 3. e4 d6 4. d4 Bg7 5. Nc3 O-O 6. Nge2 e5 7. h3 c6 8. a4 a5 9. O-O Be6 10. b3 Na6 11. Bg5 h6 12. Be3 Nb4 13. Qd2 d5 14. Bxh6 dxe4 15. Rad1 exd4 16. Nxd4 Bd5 17. g4 Re8 18. Bxg7 Kxg7 19. Qg5 Nd7 20. Nf5+ Kg8 21. Qxd8 Raxd8 22. Nd6 Re6 23. Ndxe4 Rde8 24. Nxd5 cxd5 25. Ng5 Re5 26. c3 Nc6 27. Nf3 Re2 28. Rxd5 Nf6 29. Rb5 R8e7 30. Nd4 Nxd4 31. cxd4 1-0

[Event "RUS-ch Men Rapid 2019"]
[Site "Sochi"]
[Date "2019.10.15"]
[Round "1.10"]
[White "Sharikov, Alexander"]
[Black "Moiseenko, Vadim"]
[Result "0-1"]
[ECO "A45"]
[WhiteElo "2100"]
[BlackElo "2595"]
[Annotator "RC"]
[PlyCount "96"]
[EventDate "2019.10.15"]
[EventType "swiss"]
[EventCountry "RUS"]
[SourceTitle "playchess.com"]
[Source "ChessBase"]
[SourceQuality "1"]
[TimeControl "900+10"]

1. d4 Nf6 2. Nc3 d5 3. Bf4 e6 4. e3 Bd6 5. Qf3 O-O 6. g4 c5 7. g5 Ne8 8. O-O-O Nc6 9. h4 a6 10. Nge2 b5 11. dxc5 Bxc5 12. Kb1 b4 13. Na4 Be7 14. Qg3 Bd7 15. h5 e5 16. Bxe5 Nxe5 17. Qxe5 Bxa4 18. h6 Qc7 19. Qxc7 Nxc7 20. hxg7 Rfc8 21. Nd4 Ne6 22. b3 Nxd4 23. Rxd4 Bb5 24. Bh3 Kxg7 25. Bxc8 Rxc8 26. Rdh4 Rh8 27. Rd1 Bc6 28. Rg1 Bd7 29. Rd4 Be6 30. Rh4 Rc8 31. Rf4 Bd6 32. Rd4 a5 33. Rgd1 Be5 34. Rxd5 Bxd5 35. Rxd5 Bc3 36. Kc1 Ra8 37. Kd1 a4 38. Ke2 a3 39. f4 Ra6 40. f5 h6 41. gxh6+ Rxh6 42. Kd3 Rh2 43. e4 Rd2+ 44. Ke3 Rxc2 45. e5 Rxa2 46. f6+ Kg6 47. Ke4 Re2+ 48. Kd3 Rxe5 0-1

[Event "RUS-ch Men Rapid 2019"]
[Site "Sochi"]
[Date "2019.10.15"]
[Round "1.11"]
[White "Lysyj, Igor"]
[Black "Cherenkov, Andrey"]
[Result "1-0"]
[ECO "E06"]
[WhiteElo "2588"]
[BlackElo "2099"]
[Annotator "ChessBase"]
[PlyCount "115"]
[EventDate "2019.10.15"]
[EventType "swiss"]
[EventCountry "RUS"]
[SourceTitle "playchess.com"]
[Source "ChessBase"]
[SourceQuality "1"]
[TimeControl "900+10"]

1. d4 Nf6 2. c4 e6 3. Nf3 d5 4. g3 Be7 5. Bg2 O-O 6. Qb3 c5 7. cxd5 Qxd5 8. dxc5 Nc6 9. Nc3 Qxb3 10. axb3 Bxc5 11. O-O Bd7 12. Rd1 h6 13. Ne1 Rfd8 14. Nd3 Bb6 15. b4 Be8 16. Na4 Bc7 17. Nac5 Nd5 18. Nxb7 Rdb8 19. Nbc5 Ncxb4 20. Nxb4 Rxb4 21. Na6 Rc4 22. Rxd5 exd5 23. Bxd5 Rd8 24. Bxc4 Rd1+ 25. Kg2 Bc6+ 26. f3 Bb6 27. h4 Rg1+ 28. Kh2 Bf2 29. Nb4 Bd7 30. Nd3 Bd4 31. e3 Bxe3 32. Bxe3 Rxa1 33. Ne5 Be6 34. Bxe6 fxe6 35. f4 a5 36. Bc5 Rc1 37. Ba3 Rc2+ 38. Kh3 h5 39. g4 hxg4+ 40. Kxg4 Kh7 41. h5 Rg2+ 42. Kh3 Rg1 43. Nf3 Rf1 44. Kg2 Rd1 45. Kg3 Kh6 46. Kg4 Rd5 47. Ng5 Rd1 48. Nxe6 Rg1+ 49. Kf5 Kxh5 50. Bd6 g6+ 51. Kf6 Rf1 52. Kg7 Rf2 53. Be5 Rc2 54. Kf6 Rf2 55. Nc5 g5 56. Ne4 g4 57. Nxf2 g3 58. Nh3 1-0

[Event "RUS-ch Men Rapid 2019"]
[Site "Sochi"]
[Date "2019.10.15"]
[Round "1.12"]
[White "Pingin, Artem"]
[Black "Sakaev, Konstantin"]
[Result "1/2-1/2"]
[ECO "B90"]
[WhiteElo "2087"]
[BlackElo "2586"]
[Annotator "ChessBase"]
[PlyCount "86"]
[EventDate "2019.10.15"]
[EventType "swiss"]
[EventCountry "RUS"]
[SourceTitle "playchess.com"]
[Source "ChessBase"]
[SourceQuality "1"]
[TimeControl "900+10"]

1. e4 c5 2. Nf3 d6 3. d4 cxd4 4. Nxd4 Nf6 5. Nc3 a6 6. h3 e5 7. Nb3 Be6 8. f4 b5 9. g4 exf4 10. Bxf4 Nh5 11. Be3 Ng3 12. Rh2 Nxf1 13. Kxf1 Nd7 14. Nd4 Ne5 15. b3 Rc8 16. Nd5 Bxd5 17. exd5 g6 18. Rf2 Bg7 19. Qd2 h5 20. g5 O-O 21. Kg2 Qd7 22. Raf1 Qb7 23. Nf3 Rc7 24. Kg1 Re8 25. Ne1 Rce7 26. Ng2 Nd7 27. Bd4 Bxd4 28. Qxd4 Nc5 29. h4 Qd7 30. Rf4 Re4 31. Qf6 Rxf4 32. Qxf4 Re5 33. Qf3 Qe7 34. c4 b4 35. Qf6 Qxf6 36. Rxf6 Ne4 37. Rf4 Kf8 38. Kf1 a5 39. Ne1 Nc3 40. Nd3 Re3 41. Nc1 Ne4 42. Ne2 Nc5 43. Nd4 Ke7 1/2-1/2

[Event "RUS-ch Men Rapid 2019"]
[Site "Sochi"]
[Date "2019.10.15"]
[Round "1.13"]
[White "Triapishko, Alexandr"]
[Black "Magomedov, Rashid"]
[Result "1/2-1/2"]
[ECO "A05"]
[WhiteElo "2581"]
[BlackElo "2083"]
[Annotator "ChessBase"]
[PlyCount "102"]
[EventDate "2019.10.15"]
[EventType "swiss"]
[EventCountry "RUS"]
[SourceTitle "playchess.com"]
[Source "ChessBase"]
[SourceQuality "1"]
[TimeControl "900+10"]

1. Nf3 Nf6 2. g3 c5 3. Bg2 Nc6 4. c4 g6 5. b3 Bg7 6. Bb2 O-O 7. O-O d6 8. Nc3 Ne8 9. e3 a6 10. d4 Bg4 11. dxc5 dxc5 12. h3 Bf5 13. Na4 Bxb2 14. Nxb2 Qc7 15. Nh4 Rd8 16. Qe2 Bc8 17. Rfd1 Ng7 18. Na4 b6 19. Nc3 e6 20. Nf3 Bb7 21. Ne1 Ne5 22. f4 Bxg2 23. Kxg2 Qb7+ 24. Nf3 Nc6 25. g4 e5 26. fxe5 Nxe5 27. Nd5 f6 28. Nxe5 fxe5 29. Rf1 Ne6 30. Rxf8+ Rxf8 31. Rf1 b5 32. Rxf8+ Nxf8 33. Qf3 Qf7 34. Qxf7+ Kxf7 35. Kf3 bxc4 36. bxc4 Nd7 37. g5 Ke6 38. Ke4 Kd6 39. h4 a5 40. Kd3 Ke6 41. Nc3 Kf5 42. Ne4 Ke6 43. Ke2 Ke7 44. Kf3 Ke6 45. Kg4 Ke7 46. h5 Ke6 47. h6 Ke7 48. Kf3 Ke6 49. Kg4 Ke7 50. Kf3 Ke6 51. Kg4 Ke7 1/2-1/2

[Event "RUS-ch Men Rapid 2019"]
[Site "Sochi"]
[Date "2019.10.15"]
[Round "1.15"]
[White "Savchenko, Boris"]
[Black "Mochalin, Faddey"]
[Result "1-0"]
[ECO "C11"]
[WhiteElo "2560"]
[BlackElo "2070"]
[Annotator "ChessBase"]
[PlyCount "93"]
[EventDate "2019.10.15"]
[EventType "swiss"]
[EventCountry "RUS"]
[SourceTitle "playchess.com"]
[Source "ChessBase"]
[SourceQuality "1"]
[TimeControl "900+10"]

1. e4 e6 2. d4 d5 3. Nc3 Nf6 4. Bg5 dxe4 5. Nxe4 Be7 6. Bxf6 Bxf6 7. c3 O-O 8. f4 Nd7 9. Nf3 b6 10. Qc2 c5 11. O-O-O Qc7 12. g3 Bb7 13. Bg2 Rfd8 14. dxc5 bxc5 15. Nxf6+ Nxf6 16. Ne5 Nd5 17. Rhe1 Qa5 18. a3 Qc7 19. c4 Nf6 20. Bxb7 Qxb7 21. Qf2 Ne4 22. Qe2 f5 23. Rxd8+ Rxd8 24. Rd1 Qc7 25. Rxd8+ Qxd8 26. Qd3 Qxd3 27. Nxd3 Kf8 28. Kc2 g5 29. Kb3 g4 30. Ka4 Nd2 31. Kb5 Nf1 32. Kxc5 Nxh2 33. Kd6 Nf1 34. Kd7 Nxg3 35. c5 Ne4 36. c6 Nf6+ 37. Kxe6 Ne8 38. Ne1 g3 39. b4 a6 40. a4 h6 41. Ng2 h5 42. Nh4 Ng7+ 43. Kd7 Ne8 44. b5 axb5 45. axb5 Kf7 46. c7 Nf6+ 47. Kc6 1-0

[Event "RUS-ch Men Rapid 2019"]
[Site "Sochi"]
[Date "2019.10.15"]
[Round "1.16"]
[White "Svinarev, Stanislav"]
[Black "Nozdrachev, Vladislav"]
[Result "0-1"]
[ECO "A46"]
[WhiteElo "2043"]
[BlackElo "2560"]
[Annotator "ChessBase"]
[PlyCount "114"]
[EventDate "2019.10.15"]
[EventType "swiss"]
[EventCountry "RUS"]
[SourceTitle "playchess.com"]
[Source "ChessBase"]
[SourceQuality "1"]
[TimeControl "900+10"]

1. d4 Nf6 2. Nf3 e6 3. Nbd2 c5 4. c3 d5 5. e3 Nc6 6. Bd3 Bd6 7. O-O O-O 8. dxc5 Bxc5 9. e4 Bb6 10. h3 h6 11. Re1 Bc7 12. Bc2 b6 13. exd5 Nxd5 14. Nb3 Bb7 15. Nbd4 Nxd4 16. Qxd4 Nf6 17. Qxd8 Rfxd8 18. Nd4 a6 19. Be3 Nd5 20. Bb3 Nxe3 21. Rxe3 b5 22. Ree1 Rd6 23. Rad1 Rad8 24. Nf3 Kf8 25. Rxd6 Rxd6 26. Rd1 Rxd1+ 27. Bxd1 Ke7 28. a4 bxa4 29. Bxa4 e5 30. Bc2 e4 31. Nd4 g6 32. Ba4 f5 33. Bc6 Bc8 34. Kf1 Kd6 35. Be8 g5 36. Bg6 Ke5 37. Ke2 Bd7 38. Bf7 Bb6 39. Bc4 a5 40. Bb5 Bc8 41. Nc6+ Kd6 42. b4 axb4 43. Nxb4 Kc5 44. Ba6 Be6 45. Nc2 Bd7 46. Nd4 Kd5 47. Nc2 Ba5 48. Kd2 f4 49. Bb7+ Ke5 50. Nd4 Bb6 51. Bc6 Bxc6 52. Nxc6+ Kd6 53. Nb4 Bxf2 54. Ke2 Bc5 55. Na2 Kd5 56. Nc1 Kc4 57. Kd2 Be3+ 0-1

[Event "RUS-ch Men Rapid 2019"]
[Site "Sochi"]
[Date "2019.10.15"]
[Round "1.17"]
[White "Pridorozhni, Aleksei"]
[Black "Kirillov, Anton"]
[Result "1-0"]
[ECO "B23"]
[WhiteElo "2554"]
[BlackElo "2039"]
[Annotator "ChessBase"]
[PlyCount "31"]
[EventDate "2019.10.15"]
[EventType "swiss"]
[EventCountry "RUS"]
[SourceTitle "playchess.com"]
[Source "ChessBase"]
[SourceQuality "1"]
[TimeControl "900+10"]

1. e4 c5 2. Nc3 d6 3. f4 g6 4. d4 cxd4 5. Qxd4 Nf6 6. Nf3 Nc6 7. Qf2 Bg7 8. Bd3 O-O 9. O-O Bg4 10. Ne1 a6 11. h3 Bd7 12. Nf3 b5 13. Be3 Qc7 14. Rae1 e6 15. Qh4 Ne7 16. Bd4 1-0

[Event "RUS-ch Men Rapid 2019"]
[Site "Sochi"]
[Date "2019.10.15"]
[Round "1.18"]
[White "Mumdgan, Suren"]
[Black "Yuffa, Daniil"]
[Result "0-1"]
[ECO "E16"]
[WhiteElo "2039"]
[BlackElo "2552"]
[Annotator "ChessBase"]
[PlyCount "179"]
[EventDate "2019.10.15"]
[EventType "swiss"]
[EventCountry "RUS"]
[SourceTitle "playchess.com"]
[Source "ChessBase"]
[SourceQuality "1"]
[TimeControl "900+10"]

1. d4 Nf6 2. c4 e6 3. Nf3 Bb4+ 4. Bd2 Qe7 5. e3 Bxd2+ 6. Qxd2 O-O 7. Nc3 d6 8. Be2 e5 9. dxe5 dxe5 10. Rd1 Bg4 11. O-O Nbd7 12. Nd5 Nxd5 13. Qxd5 c6 14. Qd6 Qxd6 15. Rxd6 a5 16. Nd4 Bxe2 17. Nxe2 Nc5 18. Rfd1 Rfe8 19. Nc3 g6 20. f3 Ra6 21. b3 Kg7 22. Kf2 h5 23. Ke2 h4 24. Rd8 Ra8 25. Rxe8 Rxe8 26. Ne4 Nxe4 27. fxe4 Kf6 28. Rd7 Rb8 29. c5 Ke6 30. Rd6+ Ke7 31. Kf3 a4 32. b4 a3 33. b5 cxb5 34. Rb6 Kd7 35. Rxb5 Kc6 36. Ra5 Rd8 37. Rxa3 Rd2 38. Ra8 Kxc5 39. a4 h3 40. gxh3 Rxh2 41. Kg3 Ra2 42. Kf3 b6 43. h4 Ra1 44. Kg3 Kc6 45. Kg2 Ra3 46. Kf3 Kc5 47. Ra7 Ra1 48. Kg2 b5 49. Rc7+ Kd6 50. Rxf7 Ke6 51. Rb7 bxa4 52. Rb6+ Kf7 53. Rb5 Kf6 54. Rb6+ Kf7 55. Rb5 Re1 56. Kf2 Rh1 57. Ra5 Rxh4 58. Rxa4 Kf6 59. Ra6+ Kg5 60. Kf3 Rh3+ 61. Kf2 Rh2+ 62. Kg3 Rh5 63. Re6 Kh6 64. Kg4 Kg7 65. Ra6 Rh1 66. Re6 Rh5 67. Ra6 Kh7 68. Ra7+ Kh6 69. Re7 Rg5+ 70. Kh4 Rh5+ 71. Kg4 Rg5+ 72. Kh4 Rg1 73. Rxe5 g5+ 74. Kh3 Kh5 75. Ra5 Rh1+ 76. Kg3 Rg1+ 77. Kf2 Rb1 78. e5 Rb6 79. Ra4 Re6 80. Re4 Kg6 81. Kg3 Kf5 82. Kf3 Ra6 83. e6 Rxe6 84. Rxe6 Kxe6 85. Ke4 Kf6 86. Kf3 Kf5 87. Kg3 Ke4 88. Kf2 g4 89. Kg3 Kxe3 90. Kxg4 0-1

[Event "RUS-ch Men Rapid 2019"]
[Site "Sochi"]
[Date "2019.10.15"]
[Round "1.19"]
[White "Rozum, Ivan"]
[Black "Semukhin, Mihail"]
[Result "1-0"]
[ECO "A20"]
[WhiteElo "2551"]
[BlackElo "2029"]
[Annotator "ChessBase"]
[PlyCount "79"]
[EventDate "2019.10.15"]
[EventType "swiss"]
[EventCountry "RUS"]
[SourceTitle "playchess.com"]
[Source "ChessBase"]
[SourceQuality "1"]
[TimeControl "900+10"]

1. c4 e5 2. d3 Nc6 3. Nc3 Bc5 4. g3 d6 5. Bg2 a6 6. e3 Nge7 7. Nge2 h5 8. d4 Ba7 9. h3 h4 10. g4 f5 11. gxf5 Bxf5 12. d5 Nb8 13. Be4 Nd7 14. Bxf5 Nxf5 15. Ne4 Qe7 16. N2c3 O-O-O 17. Qg4 Rdf8 18. Bd2 Kb8 19. O-O-O Nc5 20. Nxc5 Bxc5 21. Ne4 Nh6 22. Qe2 Rf5 23. Rdg1 Rhf8 24. Rg6 Rf3 25. Be1 Qd7 26. Re6 Qf7 27. Nxc5 dxc5 28. Rxe5 Rf5 29. f4 Re8 30. Bc3 Rfxe5 31. fxe5 Nf5 32. Qf2 Qh5 33. e6 Ng3 34. Re1 Ne4 35. Qf7 Qxf7 36. exf7 Rf8 37. Rf1 Nd6 38. Bxg7 Rxf7 39. Rxf7 Nxf7 40. Bf6 1-0

[Event "RUS-ch Men Rapid 2019"]
[Site "Sochi"]
[Date "2019.10.15"]
[Round "1.20"]
[White "Mrykhin, Igor"]
[Black "Morozevich, Alexander"]
[Result "0-1"]
[ECO "B06"]
[WhiteElo "2019"]
[BlackElo "2550"]
[Annotator "ChessBase"]
[PlyCount "55"]
[EventDate "2019.10.15"]
[EventType "swiss"]
[EventCountry "RUS"]
[SourceTitle "playchess.com"]
[Source "ChessBase"]
[SourceQuality "1"]
[TimeControl "900+10"]

1. e4 g6 2. d4 Bg7 3. c3 Nf6 4. Bd3 O-O 5. Nf3 d5 6. Nbd2 c5 7. e5 Nfd7 8. O-O Nc6 9. Bc2 cxd4 10. cxd4 f6 11. exf6 Nxf6 12. h3 Nh5 13. Nb3 Qd6 14. Re1 Nf4 15. Bxf4 Rxf4 16. Qe2 a5 17. Rad1 a4 18. Nc5 Nxd4 19. Nxd4 Bxd4 20. Nd3 Rf7 21. Kh1 Bf5 22. f3 Qg3 23. Nb4 Bxh3 24. Nxd5 Bf2 25. Rg1 Bg4 26. Nxe7+ Kg7 27. Qxf2 Qxf2 28. Ra1 0-1

[Event "RUS-ch Men Rapid 2019"]
[Site "Sochi"]
[Date "2019.10.15"]
[Round "1.21"]
[White "Khismatullin, Denis"]
[Black "Levonyan, Karen"]
[Result "1-0"]
[ECO "A40"]
[WhiteElo "2550"]
[BlackElo "2009"]
[Annotator "ChessBase"]
[PlyCount "43"]
[EventDate "2019.10.15"]
[EventType "swiss"]
[EventCountry "RUS"]
[SourceTitle "playchess.com"]
[Source "ChessBase"]
[SourceQuality "1"]
[TimeControl "900+10"]

1. d4 Nf6 2. c4 e6 3. g3 Bb4+ 4. Bd2 Qe7 5. Bg2 O-O 6. Nf3 d5 7. O-O Bxd2 8. Nbxd2 b6 9. cxd5 exd5 10. Rc1 c5 11. dxc5 bxc5 12. e4 dxe4 13. Ng5 Bb7 14. Re1 Re8 15. Ndxe4 Nxe4 16. Bxe4 Bxe4 17. Rxe4 Qd7 18. Qd5 Rxe4 19. Qxe4 Qc6 20. Qxh7+ Kf8 21. Re1 Qh6 22. Qg8+ 1-0

[Event "RUS-ch Men Rapid 2019"]
[Site "Sochi"]
[Date "2019.10.15"]
[Round "1.22"]
[White "Zhakamukhov, Eduard"]
[Black "Papin, Vasily"]
[Result "0-1"]
[ECO "B40"]
[WhiteElo "2007"]
[BlackElo "2541"]
[Annotator "ChessBase"]
[PlyCount "74"]
[EventDate "2019.10.15"]
[EventType "swiss"]
[EventCountry "RUS"]
[SourceTitle "playchess.com"]
[Source "ChessBase"]
[SourceQuality "1"]
[TimeControl "900+10"]

1. e4 c5 2. Nf3 e6 3. b3 b6 4. d4 cxd4 5. Nxd4 Bb7 6. Bd3 Qf6 7. c3 Bc5 8. Bb2 Nc6 9. Nf3 Ne5 10. O-O Ne7 11. Nxe5 Qxe5 12. Nd2 Ng6 13. b4 Be7 14. g3 O-O 15. Qe2 Qc7 16. f4 Rac8 17. h4 Rfd8 18. h5 Nf8 19. Ba6 Bxa6 20. Qxa6 h6 21. Qe2 Nh7 22. a3 e5 23. c4 Bf6 24. Qf3 exf4 25. Bxf6 Nxf6 26. gxf4 d6 27. Rf2 Re8 28. Re2 b5 29. c5 Rcd8 30. Rc1 dxc5 31. Rxc5 Qb6 32. Qf2 Rd3 33. e5 Nxh5 34. Re3 Qg6+ 35. Kh2 Nxf4 36. Rg3 Qh5+ 37. Kg1 Rxg3+ 0-1

[Event "RUS-ch Men Rapid 2019"]
[Site "Sochi"]
[Date "2019.10.15"]
[Round "1.23"]
[White "Gutenev, Alexander"]
[Black "Mochalov, Dmitriy"]
[Result "1-0"]
[ECO "C70"]
[WhiteElo "2539"]
[BlackElo "1988"]
[Annotator "ChessBase"]
[PlyCount "84"]
[EventDate "2019.10.15"]
[EventType "swiss"]
[EventCountry "RUS"]
[SourceTitle "playchess.com"]
[Source "ChessBase"]
[SourceQuality "1"]
[TimeControl "900+10"]

1. e4 e5 2. Nf3 Nc6 3. Bb5 a6 4. Ba4 b5 5. Bb3 Nf6 6. O-O Be7 7. d3 d6 8. a3 O-O 9. Nc3 Na5 10. Ba2 c5 11. Bg5 h6 12. Bxf6 Bxf6 13. Nd5 Be6 14. h3 Nc6 15. c3 Rc8 16. Qd2 Bxd5 17. Bxd5 Ne7 18. Ba2 Ng6 19. a4 Bg5 20. Qd1 b4 21. a5 Kh8 22. Bc4 Ra8 23. cxb4 cxb4 24. d4 exd4 25. Nxd4 Bf6 26. Bd5 Rc8 27. Nc6 Qd7 28. Nxb4 Bxb2 29. Ra2 Be5 30. Nxa6 Nf4 31. Nb4 Rc3 32. Qg4 f5 33. exf5 Qb5 34. Bf3 Qxb4 35. a6 h5 36. Qg5 Rxf3 37. a7 Ra3 38. Rxa3 Qxa3 39. f6 Rxf6 40. Kh1 Qxa7 41. g3 Qa6 42. Rc1 Qb7+ 1-0

[Event "RUS-ch Men Rapid 2019"]
[Site "Sochi"]
[Date "2019.10.15"]
[Round "1.24"]
[White "Pedashenko, Anatoly"]
[Black "Drygalov, Andrey"]
[Result "0-1"]
[ECO "B50"]
[WhiteElo "1982"]
[BlackElo "2538"]
[Annotator "ChessBase"]
[PlyCount "80"]
[EventDate "2019.10.15"]
[EventType "swiss"]
[EventCountry "RUS"]
[SourceTitle "playchess.com"]
[Source "ChessBase"]
[SourceQuality "1"]
[TimeControl "900+10"]

1. e4 c5 2. Nf3 d6 3. c3 Nf6 4. Be2 g6 5. O-O Bg7 6. Re1 O-O 7. Bf1 Nc6 8. h3 e5 9. d3 h6 10. Nbd2 Be6 11. a3 a5 12. a4 Qc7 13. Nc4 Rfe8 14. Na3 Rad8 15. Nb5 Qb8 16. Be3 b6 17. Qd2 Kh7 18. g4 d5 19. g5 Nxe4 20. dxe4 dxe4 21. Qe2 exf3 22. Qxf3 Bd5 23. Qg3 h5 24. Bg2 Bxg2 25. Qxg2 Ne7 26. Rad1 Nf5 27. Bc1 e4 28. Rxd8 Qxd8 29. Bf4 Nh4 30. Qf1 Nf3+ 31. Kg2 Nxe1+ 32. Qxe1 Qd7 33. Nd6 Re6 34. Nxe4 Qxa4 35. f3 Qc2+ 36. Kg3 Qxb2 37. Qd1 Rxe4 38. fxe4 Qxc3+ 39. Kg2 Qd4 40. Qb1 a4 0-1

[Event "RUS-ch Men Rapid 2019"]
[Site "Sochi"]
[Date "2019.10.15"]
[Round "1.25"]
[White "Zakhartsov, Vladimir"]
[Black "Kryzhanovskiy, Mikhail"]
[Result "1-0"]
[ECO "D35"]
[WhiteElo "2527"]
[BlackElo "1978"]
[Annotator "ChessBase"]
[PlyCount "71"]
[EventDate "2019.10.15"]
[EventType "swiss"]
[EventCountry "RUS"]
[SourceTitle "playchess.com"]
[Source "ChessBase"]
[SourceQuality "1"]
[TimeControl "900+10"]

1. d4 Nf6 2. c4 e6 3. Nc3 d5 4. cxd5 exd5 5. Bg5 Be7 6. e3 O-O 7. Bd3 Re8 8. Nge2 c6 9. Qc2 h6 10. Bh4 Nbd7 11. O-O Nf8 12. f3 c5 13. Qd2 cxd4 14. Nxd4 Bc5 15. Rfe1 Ng6 16. Bxg6 fxg6 17. Nb3 g5 18. Bxg5 hxg5 19. Nxc5 g4 20. f4 b6 21. Nb3 Bb7 22. Rad1 Qd7 23. Nd4 Rad8 24. Qf2 a6 25. f5 Re5 26. Ne6 Re8 27. e4 Qd6 28. Qd4 b5 29. Rf1 b4 30. Nxd5 Bxd5 31. Rde1 Re7 32. exd5 Rxd5 33. Qc4 Kh8 34. Re2 a5 35. Ng5 Rxe2 36. Nf7+ 1-0

[Event "RUS-ch Men Rapid 2019"]
[Site "Sochi"]
[Date "2019.10.15"]
[Round "1.28"]
[White "Ponikarovsky, Alexey"]
[Black "Vastrukhin, Oleg"]
[Result "0-1"]
[ECO "A36"]
[WhiteElo "1962"]
[BlackElo "2512"]
[Annotator "ChessBase"]
[PlyCount "94"]
[EventDate "2019.10.15"]
[EventType "swiss"]
[EventCountry "RUS"]
[SourceTitle "playchess.com"]
[Source "ChessBase"]
[SourceQuality "1"]
[TimeControl "900+10"]

1. c4 g6 2. Nc3 Bg7 3. g3 c5 4. Bg2 Nc6 5. e4 e6 6. Nge2 Nge7 7. f4 O-O 8. O-O a6 9. d3 d6 10. Be3 Nd4 11. Bf2 Nec6 12. Nxd4 Bxd4 13. Bxd4 cxd4 14. Ne2 e5 15. h3 Kg7 16. Kh2 h5 17. f5 Qg5 18. h4 Qh6 19. f6+ Kh7 20. Ng1 Rg8 21. Bh3 g5 22. Bxc8 Raxc8 23. Nh3 gxh4 24. gxh4 Rg4 25. Ng5+ Kg8 26. Kh3 Kf8 27. Qf3 Ke8 28. Qf5 Rc7 29. a3 Nb8 30. Rf3 Nd7 31. b4 Nf8 32. Rh1 Ng6 33. Ne6 Rd7 34. Ng7+ Kd8 35. Nxh5 Rxh4+ 36. Kg2 Qd2+ 37. Rf2 Qxd3 38. Qxg6 fxg6 39. Rxh4 Qxc4 40. Ng7 d3 41. Rh8+ Kc7 42. Ne8+ Kb6 43. Nxd6 Rxd6 44. f7 Qxe4+ 45. Kg3 Qe3+ 46. Kg2 d2 47. f8=Q d1=Q 0-1

[Event "RUS-ch Men Rapid 2019"]
[Site "Sochi"]
[Date "2019.10.15"]
[Round "1.30"]
[White "Terzyan, Nazar"]
[Black "Belozerov, Andrei"]
[Result "0-1"]
[ECO "B10"]
[WhiteElo "1946"]
[BlackElo "2506"]
[Annotator "ChessBase"]
[PlyCount "128"]
[EventDate "2019.10.15"]
[EventType "swiss"]
[EventCountry "RUS"]
[SourceTitle "playchess.com"]
[Source "ChessBase"]
[SourceQuality "1"]
[TimeControl "900+10"]

1. e4 c6 2. Nc3 d5 3. g3 e5 4. Bg2 Nf6 5. d3 Bb4 6. Bd2 O-O 7. a3 Ba5 8. b4 Bb6 9. Nf3 Re8 10. O-O Bg4 11. h3 Bh5 12. g4 Bg6 13. Re1 dxe4 14. Nxe4 Nxe4 15. dxe4 Nd7 16. Bc3 Qe7 17. Qe2 Rad8 18. Rad1 f6 19. Nh4 Nf8 20. Nf5 Qc7 21. a4 a5 22. Rxd8 Rxd8 23. bxa5 Bxa5 24. Qc4+ Kh8 25. Bxa5 Qxa5 26. Rb1 Rd7 27. Bf3 Bf7 28. Qb4 Qxb4 29. Rxb4 Ne6 30. Be2 g6 31. Ne3 Nf4 32. Bf1 Kg7 33. Kh2 Be6 34. Kg3 Kf7 35. Bc4 Ke7 36. Bxe6 Nxe6 37. a5 Kd6 38. Rb6 Nc5 39. Kf3 Kc7 40. Rb4 Rd2 41. Rc4 Kd6 42. Rb4 Kc7 43. Rc4 Nd7 44. Nd5+ Kd6 45. Nb4 Nc5 46. Ke3 Rd1 47. Nd3 Nxd3 48. cxd3 Rh1 49. a6 bxa6 50. Ra4 Rxh3+ 51. f3 h5 52. gxh5 Rxh5 53. Rxa6 f5 54. exf5 gxf5 55. Ra2 f4+ 56. Ke4 Rh1 57. Kf5 Re1 58. Rd2 Kd5 59. Ra2 Re3 60. Ra5+ c5 61. Ra8 Rxd3 62. Rd8+ Kc4 63. Re8 Rxf3 64. Rxe5 Re3 0-1

[Event "RUS-ch Men Rapid 2019"]
[Site "Sochi"]
[Date "2019.10.15"]
[Round "1.31"]
[White "Belyakov, Bogdan"]
[Black "Abramov, Ilya"]
[Result "1-0"]
[ECO "B05"]
[WhiteElo "2506"]
[BlackElo "1938"]
[Annotator "ChessBase"]
[PlyCount "75"]
[EventDate "2019.10.15"]
[EventType "swiss"]
[EventCountry "RUS"]
[SourceTitle "playchess.com"]
[Source "ChessBase"]
[SourceQuality "1"]
[TimeControl "900+10"]

1. e4 Nf6 2. e5 Nd5 3. d4 d6 4. Nf3 Bg4 5. Be2 Nc6 6. exd6 exd6 7. O-O Be7 8. h3 Bh5 9. c4 Nb6 10. Nbd2 O-O 11. d5 Nb8 12. Bd3 N8d7 13. Qc2 Bg6 14. Bxg6 hxg6 15. Ne4 Ne5 16. Nxe5 dxe5 17. Rd1 f5 18. Nd2 Nd7 19. Nf3 b6 20. a3 a5 21. Bd2 Bf6 22. Bc3 Re8 23. d6 c5 24. Qd2 e4 25. Bxf6 Qxf6 26. Ng5 Qe5 27. g3 e3 28. Qxe3 Qxe3 29. fxe3 Rxe3 30. Kf2 Rb3 31. Rd2 Re8 32. h4 Ree3 33. Re1 Rxe1 34. Kxe1 Rxg3 35. Re2 Rd3 36. Re8+ Nf8 37. Rd8 a4 38. Kf2 1-0